Ryan, lawful male human Knight ---- |..--- ---- --....------- ----- ---- |..| ---)..........----...------- --- --..--- ---- |.<----......................|-..| --.--|.....| ---..| |-...|...............--....|.|..- |...||..--.| |....| --..-.|.........--.%.-- ...|...-| |-..|----|.|---.-.-- |............-.----%.-----.---...--------...--- |.||.Z..-- --........(.................).................----.--.|@.| --.......--------....---..--------...................|--- -........- |.....|....- ---..........---.---- |........... -........... |...........|..- |............- .............| --.............. --.....----... ...............- ----...........| -.|..-- .........-.....>...... |.........--- ..|..| ........................ ----......- --...| ---.......----..........- --......| --.-- |....--- |..........| |..--..| --- --.--- -----.--.--- |..|---- --- -- -- ---- Ryan the Esquire Experience level: 4 Strength: 14 Dexterity: 9 Constitution: 13 Intelligence: 7 Wisdom: 16 Charisma: 17 Health: 0(36) Energy: 36(36) Def: 6 Gold: 193 Moves: 1783 Dungeon seed: WxBjnYxCVXJAnqSI Game ID: Ryan_1467159566 Your Inventory: Coins $ - 193 gold pieces Weapons a - a +1 long sword (weapon in hand) t - a +0 crossbow u - 14 +0 crossbow bolts Armor e - an uncursed +1 ring mail (being worn) n - an uncursed +0 helmet (being worn) q - an uncursed +0 small shield r - an uncursed +0 pair of leather gloves (being worn) Comestibles c - 6 uncursed apples d - 12 uncursed carrots v - an uncursed fortune cookie Scrolls A - a cursed scroll of teleportation Wands j - a wand of light (0:9) Tools w - 2 uncursed partly used tallow candles (lit) (0:81) Gems x - 2 uncursed fluorite stones y - 2 uncursed worthless pieces of red glass z - 2 uncursed worthless pieces of blue glass N - an uncursed worthless piece of orange glass Y - an uncursed jade stone Spells and supernatural/magical abilities: Name Level Category Fail Memory W - pray for help -- divine ? -- X - turn undead -- divine ? -- Y - supernatural jump -- ability ? -- Your skills at the end: Fighting Skills riding [Basic] Weapon Skills long sword [Basic] lance [Basic] Spellcasting Skills Final Attributes: You were piously aligned. You were confused. You could jump. You are dead. Vanquished creatures: 2 gnome lords a dwarf 2 coyotes 2 giant rats 8 gnomes a gnome zombie a gecko 5 jackals 2 foxes a goblin 3 sewer rats 3 grid bugs 4 lichens 2 kobold zombies a newt 38 creatures vanquished. Voluntary challenges: You followed a strict vegan diet. You were an atheist. You used a wielded weapon 40 times, starting on turn 207. You read items or engraved 1 time, starting on turn 129. You never genocided any monsters. You never polymorphed an object. You never changed form. You used no wishes. You never split a pudding. You never wrote Elbereth's name. You never violated your personal moral code. Dungeon overview: The Dungeons of Doom: levels 1 to 3 Level 1 a long staircase Level 2 Level 3 stairs to The Gnomish Mines The Gnomish Mines: Level 4 <- You were here stairs to The Dungeons of Doom History has recorded: On T:1 you entered the Dungeons of Doom to retrieve the Amulet of Yendor! On T:558 you reached level 2 of The Dungeons of Doom. On T:929 you advanced to experience level 2. On T:982 you reached level 3 of The Dungeons of Doom. On T:1264 you advanced to experience level 3. On T:1543 you reached level 1 of The Gnomish Mines. On T:1596 you advanced to experience level 4. Score breakdown: Gold: 193 ( 7782 points) Experience: 4 levels ( 9649 points) Exploration: 4 levels ( 8.16%) ( 7500 points) Discoveries: 2 items ( 0.81%) ( 2705 points) Valuables value: (no points given unless you survive) Artifact value: 0 ( 0 points) Variety of kills: 15 monsters ( 3.94%) ( 5952 points) Turncount: 1783 turns ( 0 points) Survival: died (score multiplied by 80%) Total score: 26870 Latest messages: x - 2 green gems. A - a scroll labeled VELOX NEB. You hear a distant squeak. Click! You trigger a rolling boulder trap! Fortunately for you, no boulder was released. The kitten just misses! The kitten bites! You miss the kitten. The kitten misses. The kitten bites! You miss the kitten. The kitten bites! You hit the kitten. The elf zombie hits! The elf zombie misses. You miss the elf zombie. You hit the elf zombie! The elf zombie hits! (2x) Huh, What? Where am I? The elf zombie hits! You die... Final status: Fare thee well Ryan the Knight, killed by an elf zombie... You died in The Gnomish Mines on dungeon level 4 with 26870 points, and 193 pieces of gold, after 1783 moves. You were level 4 with a maximum of 36 hit points when you died.